 Dungeon Crawl Stone Soup version 0.18.1-48-g4cf74bf (webtiles) character file.

1861 RepoMan the Firebug (level 8, -1/61 HPs)
             Began as a Demigod Fire Elementalist on Aug 22, 2016.
             Splashed by an orc's acid (12 damage)
             ... on level 7 of the Dungeon on Aug 23, 2016.
             The game lasted 00:44:33 (5934 turns).

RepoMan the Firebug (Demigod Fire Elementalist)     Turns: 5934, Time: 00:44:33

Health: -1/61      AC:  4    Str: 11    XL:     8   Next: 59%
Magic:  14/17      EV: 14    Int: 23    God:
Gold:   394        SH:  0    Dex: 16    Spells: 5 memorised, 2 levels left

rFire  + . .     SeeInvis .     A - +4 long sword of Offence {venom, *Contam rPois rF+ MR+}
rCold  . . .     Gourm    +     v - +0 leather armour
rNeg   . . .     Faith    .     (no shield)
rPois  +         Spirit   .     (no helmet)
rElec  .         Dismiss  .     (no cloak)
rCorr  .         Reflect  .     l - +0 pair of gloves
SustAt +         Harm     .     (no boots)
MR     +....                    g - amulet of the gourmand
Stlth  ++........               H - ring of poison resistance
                                F - ring "Lyfuruk" {rPois Slay+2}

@: somewhat resistant to hostile enchantments, unstealthy
A: high mp 1, sustain attributes
a: no special abilities


You were on level 7 of the Dungeon.
You were very full.

You visited 2 branches of the dungeon, and saw 8 of its levels.

You collected 394 gold pieces.

Inventory:

Hand Weapons
 A - the +4 long sword of Offence (weapon) {venom, *Contam rPois rF+ MR+}
   (You found it on level 4 of the Dungeon)

   It poisons the flesh of those it strikes.
   It protects you from fire.
   It protects you from poison.
   It affects your resistance to hostile enchantments.
   It causes magical contamination when unequipped.
Missiles
 r - 7 javelins (quivered)
Armour
 k - a +0 ring mail
 l - a +0 pair of gloves (worn)
 v - a +0 leather armour (worn)
 M - a +0 helmet
Jewellery
 g - an amulet of the gourmand (around neck)
 F - the ring "Lyfuruk" (left hand) {rPois Slay+2}
   (You found it on level 5 of the Dungeon)

   [ring of poison resistance]

   It affects your accuracy and damage with ranged weapons and melee attacks
   (+2).
   It protects you from poison.
 H - a ring of poison resistance (right hand)
Wands
 n - a wand of lightning (3/15)
 o - a wand of iceblast (5/15)
 q - a wand of lightning (10/15)
 y - a wand of flame (21/48)
 C - a wand of digging (14/24)
Scrolls
 e - a scroll of identify
 f - 4 scrolls of remove curse
 h - 2 scrolls of magic mapping
 j - 2 scrolls of enchant weapon
 t - a scroll of recharging {unknown}
 u - a scroll of enchant armour {unknown}
 x - a scroll of fear {unknown}
 z - 3 scrolls of teleportation
 E - a scroll of fog {unknown}
 J - 3 scrolls of random uselessness {unknown}
Potions
 i - 3 potions of curing {unknown}
 m - 3 potions of flight {unknown}
 p - 2 potions of heal wounds {unknown}
 w - a potion of mutation {unknown}
 B - 2 potions of cure mutation
 D - a potion of invisibility {unknown}
 N - a potion of might {unknown}
Books
 b - a book of Flames

   Spells                             Type                      Level
   a - Flame Tongue                   Conjuration/Fire             1
   b - Throw Flame                    Conjuration/Fire             2
   c - Conjure Flame                  Conjuration/Fire             3
   d - Inner Flame                    Hexes/Fire                   3
   e - Sticky Flame                   Conjuration/Fire             4
   f - Fireball                       Conjuration/Fire             5
 I - a book of Conjurations

   Spells                             Type                      Level
   a - Magic Dart                     Conjuration                  1
   b - Searing Ray                    Conjuration                  2
   c - Dazzling Spray                 Conjuration/Hexes            3
   d - Fulminant Prism                Conjuration/Hexes            4
   e - Iskenderun's Mystic Blast      Conjuration                  4
   f - Iskenderun's Battlesphere      Conjuration/Charms           5
 K - a Necronomicon

   Spells                             Type                      Level
   a - Haunt                          Necromancy/Summoning         7
   b - Borgnjor's Revivification      Necromancy                   8
   c - Death's Door                   Charms/Necromancy            8
   d - Necromutation                  Transmutation/Necromancy     8
 L - a book of Ice

   Spells                             Type                      Level
   a - Ice Form                       Ice/Transmutation            4
   b - Metabolic Englaciation         Hexes/Ice                    5
   c - Ozocubu's Refrigeration        Ice                          6
   d - Bolt of Cold                   Conjuration/Ice              6
   e - Freezing Cloud                 Conjuration/Ice/Air          6
   f - Simulacrum                     Ice/Necromancy               6
Comestibles
 a - 2 fruits
 c - 5 bread rations
 d - 3 beef jerkies
 s - 2 meat rations
 G - 2 chunks of flesh


   Skills:
 + Level 2.0 Fighting
 + Level 1.7 Long Blades
 + Level 2.5 Armour
 + Level 4.7 Dodging
 - Level 1.7 Stealth
 + Level 4.3 Spellcasting
 * Level 4.3 Conjurations
 * Level 6.4 Fire Magic


You had 2 spell levels left.
You knew the following spells:

 Your Spells              Type           Power        Failure   Level  Hunger
a - Flame Tongue          Conj/Fire      ####.        1%          1    None
c - Conjure Flame         Conj/Fire      ####....     6%          3    ##.....
f - Throw Flame           Conj/Fire      ####..       2%          2    #......
i - Inner Flame           Hex/Fire       ###.....     12%         3    ##.....
s - Sticky Flame          Conj/Fire      ####....     17%         4    ####...


Dungeon Overview and Level Annotations

Branches:
Dungeon (7/15)             Temple (1/1) D:6

Shops:
D:6 *


Innate Abilities, Weirdness & Mutations

You have an increased reservoir of magic (+10% MP).
Your attributes are resistant to harm.


Message History

G - 2 chunks of flesh The orc wizard moves out of view.
An orc comes into view. It is wielding a hand axe.
The orc shouts!
An orc wizard comes into view.
It is wielding a dagger of electrocution.
The orc wizard shouts!
The orc zaps a wand.
The bolt of acid hits you!
The acid burns!
It is a wand of acid.
The orc wizard casts a spell.
The orc wizard flickers and vanishes!
Deactivating autopickup; reactivate with Ctrl-A.
Casting: Flame Tongue
Confirm with . or Enter, or press ? or * to list all spells.
Aiming: Conjure Flame
Press: ? - help, Dir - move target cursor The fire roars!
The orc zaps a wand.
The bolt of acid hits you!
* * * LOW HITPOINT WARNING * * *
The acid burns!
You die...

.# #.##### ### ....... ..#
.....# #.# ..o..# #.# ...o.#
#.# #### .oo..### #.# ...
...o.....####.########.#
o..........o..ยง.@.)....#
....o......##)#######<#.....
..................# ##.# ###
.###.......##.###.... .# .#
#....o..##.# .. .. .#
#.#...#....# ... #
#####.#### ###. ... #. .#


You could see an orc.

Vanquished Creatures
  3 orc warriors (D:6)
  2 ice beasts
  A phantom (D:5)
  A sky beast (D:6)
  4 ogres
  A centaur (D:5)
  A giant frog (D:6)
  A centaur zombie (D:6)
  2 crimson imps
  A hound (D:5)
  4 orc priests
  3 orc wizards (D:5)
  An iguana (D:5)
  Jessica (D:3)
  2 worker ants
  A killer bee zombie (D:5)
  A hound zombie (D:5)
  A hound skeleton (D:5)
  5 gnolls
  7 adders
  An ooze (D:1)
  An adder zombie (D:5)
  A worm (D:3)
  3 dart slugs
  2 giant geckos
  21 orcs
  3 giant cockroaches
  7 goblins
  8 hobgoblins
  19 jackals
  4 quokkas (D:2)
  A ball python (D:2)
  A ball python skeleton (D:4)
  8 bats
  A giant gecko skeleton (D:7)
  7 giant newts
  3 kobolds
  7 rats
141 creatures vanquished.

Notes
Turn   | Place    | Note
--------------------------------------------------------------
     0 | D:1      | RepoMan the Demigod Fire Elementalist began the quest for the Orb.
     0 | D:1      | Reached XP level 1. HP: 14/14 MP: 5/5
   110 | D:1      | Reached skill level 1 in Conjurations
   245 | D:1      | Reached XP level 2. HP: 16/20 MP: 1/7
   253 | D:1      | Learned a level 2 spell: Throw Flame
   881 | D:1      | Reached skill level 3 in Fire Magic
   896 | D:1      | Reached XP level 3. HP: 26/26 MP: 5/8
   913 | D:1      | Learned a level 3 spell: Conjure Flame
  1268 | D:2      | Found a shimmering altar of Xom.
  1362 | D:2      | Found a snail-covered altar of Cheibriados.
  1452 | D:2      | Found a sparkling altar of Nemelex Xobeh.
  1464 | D:2      | Reached XP level 4. HP: 32/33 MP: 5/10
  1759 | D:2      | Found an iron altar of Okawaru.
  2251 | D:3      | Noticed Jessica
  2253 | D:3      | Killed Jessica
  2305 | D:3      | Noticed a phantom
  2747 | D:4      | Reached XP level 5. HP: 38/38 MP: 5/11
  2834 | D:4      | Got a crude long sword
  2835 | D:4      | Identified the +4 long sword of Offence {venom, *Contam rPois rF+ MR+} (You found it on level 4 of the Dungeon)
  3004 | D:4      | Found an oddly glowing altar of Pakellas.
  3052 | D:4      | Learned a level 3 spell: Inner Flame
  3082 | D:4      | Reached skill level 4 in Fire Magic
  3247 | D:5      | Entered Level 5 of the Dungeon
  3253 | D:5      | Got a faintly glowing jade ring
  3255 | D:5      | Noticed an ogre
  3348 | D:5      | Found an iron altar of Okawaru.
  3348 | D:5      | Found a stormy altar of Qazlal.
  3348 | D:5      | Found an opulent altar of Gozag.
  3349 | D:5      | Found a glowing golden altar of the Shining One.
  3389 | D:5      | Found a bloodstained altar of Trog.
  3390 | D:5      | Found a basalt altar of Yredelemnul.
  3426 | D:5      | Found a glowing drain.
  3460 | D:5      | Identified the ring "Lyfuruk" {rPois Slay+2} (You found it on level 5 of the Dungeon)
  3648 | D:5      | Reached XP level 6. HP: 29/45 MP: 11/13
  3791 | D:5      | Reached skill level 5 in Fire Magic
  3958 | D:5      | Reached XP level 7. HP: 42/50 MP: 6/15
  4156 | D:5      | Reached skill level 1 in Armour
  4202 | D:5      | Found a blossoming altar of Fedhas.
  4808 | D:6      | Found a staircase to the Ecumenical Temple.
  4825 | D:6      | Reached XP level 8. HP: 53/58 MP: 11/17
  4831 | D:6      | Learned a level 4 spell: Sticky Flame
  4921 | D:6      | Reached skill level 1 in Long Blades
  4921 | D:6      | Reached skill level 6 in Fire Magic
  4978 | D:6      | Reached skill level 1 in Fighting
  4995 | Temple   | Entered the Ecumenical Temple
  5048 | D:6      | Found Laosotz's Serpentskin Sales.
  5934 | D:7      | Splashed by an orc's acid

Skill      XL: |  1  2  3  4  5  6  7  8 |
---------------+-------------------------+-----
Conjurations   | 1 2 3 4 |  4.3
Dodging        | 2 3 4 |  4.7
Spellcasting   | 2 3 4 |  4.3
Fire Magic     | 3 4 5 6 |  6.4
Armour         | 1 2 |  2.5
Long Blades    | 1 |  1.7
Fighting       | 2 |  2.0
Stealth        | |  1.7

Action                   |  1- 3 |  4- 6 |  7- 9 || total
-------------------------+-------+-------+-------++-------
Melee: Unarmed           |     4 |     4 |       ||     8
       Trident           |       |     8 |       ||     8
       Long sword        |       |    26 |    34 ||    60
 Cast: Flame Tongue      |    76 |   108 |    65 ||   249
       Conjure Flame     |     1 |     3 |     5 ||     9
       Inner Flame       |       |     4 |     1 ||     5
       Throw Flame       |       |       |     7 ||     7
       Sticky Flame      |       |       |     5 ||     5
Evoke: Wand              |       |     1 |       ||     1
  Use: Scroll            |       |     6 |       ||     6
 Stab: Distracted        |       |       |     1 ||     1
       Sleeping          |       |       |     1 ||     1
  Eat: Chunk             |    12 |     8 |     7 ||    27
Armor: Robe              |     3 |     7 |       ||    10
       Leather armour    |       |     6 |    12 ||    18
Dodge: Dodged            |    21 |    48 |    34 ||   103
